 Dungeon Crawl Stone Soup version 0.30-a0-1112-gfb780f5df6 (webtiles) character file.

Game seed: 12457492815375227631

48 ytrimaz the Ducker (level 3, -1/26 HPs)
             Began as an Octopode Fighter on Apr 19, 2023.
             Slain by Jessica
             ... wielding a +0 club
              (4 damage)
             ... on level 2 of the Dungeon.
             The game lasted 00:01:13 (807 turns).

ytrimaz the Ducker (Octopode Fighter)                Turns: 807, Time: 00:01:14

Health: -1/26      AC:  1    Str: 15    XL:     3   Next: 72%
Magic:  3/3        EV: 13    Int: 10    God:
Gold:   55         SH:  4    Dex: 13    Spells: 2/2 levels left

rFire   . . .      SeeInvis .    a - +0 long sword
rCold   . . .      Faith    .    b - +0 buckler
rNeg    . . .      Spirit   .    (helmet restricted)
rPois   .          Reflect  .    (no amulet)
rElec   .          Rampage  .    (no ring)
rCorr   .                        (no ring)
Will    .....                    (no ring)
Stlth   ++                       (no ring)
HPRegen 0.24/turn                (no ring)
MPRegen 0.08/turn                (no ring)
                                 (no ring)
                                 (no ring)

@: no status effects
A: almost no armour, amphibious, 8 rings, camouflage 1, gelatinous body 1,
(nimble swimmer 1), tentacles
a: no special abilities


You were on level 2 of the Dungeon.
You visited 1 branch of the dungeon, and saw 2 of its levels.

You collected 55 gold pieces.


Innate Abilities, Weirdness & Mutations

You cannot wear most types of armour.
You are amphibious.
You can wear up to eight rings at the same time.
Your skin changes colour to match your surroundings (Stealth+).
Your rubbery body absorbs attacks. (AC +1, EV +1)
((You are camouflaged when in or above water. (Stealth+)))
You have tentacles for arms and can constrict up to eight enemies at once.


   Skills:
 - Level 3.0 Fighting
 + Level 3.0 Long Blades
 * Level 3.9 Dodging
 - Level 3.0 Shields


You had 2 spell levels left.
You didn't know any spells.
Your spell library was empty.

Inventory:

Hand Weapons
 a - a +0 long sword (weapon)
Armour
 b - a +0 buckler (worn)
Potions
 c - a potion of might
 d - a potion of cancellation {unknown}
 e - 2 potions of resistance {unknown}
 g - a potion of flight {unknown}

Dungeon Overview and Level Annotations

Branches:
Dungeon (2/15) Zot: 11174

Altars:

Annotations:
D:2 Jessica

#...†..#(......
#.####.#.#####. ~##
#.#....†.### ~~~♣♣##
#............ ≈~~~~~~##
###.##.#.##..#
≈≈≈~~~~P# #.##..... .#
~≈P~~~~~♣####.####...<.
~P~P~~~~...##.####.#.#.
♣~.).b§@@.....#.#
......#..#.##.######
..... #.....#.# ~...
##.#..#.# ~P♣ #.#..#.#
♣ .......# #......##
#.......


You could see Jessica (fast) and a bat.


Message History

Your hp is fully restored (26).
Unknown command.
The goblin shoots a sling bullet.
You block the sling bullet.
The goblin unwields a +0 sling.
The goblin wields a +0 club.
The goblin barely misses you.
You hit the goblin.
You kill the goblin!
No target in view!
You block the worm's attack.
You slash the worm! Your grab misses the worm. The worm closely misses you.
You hit the worm. You grab the worm. You constrict the worm. You hit the worm.
You kill the worm!
No target in view!
No target in view!
No target in view!
No target in view!
Found a stone staircase leading up.
Unknown command.
d - a sedimented red potion Jessica the Apprentice Sorceress comes into view.
She is wielding a +0 club.
Unknown command.
Jessica shouts!
A giant cockroach comes into view.
A bat comes into view.
A gnoll comes into view. It is wielding a +0 flail.
Jessica closely misses you.
The giant cockroach moves out of view.
You hit Jessica. Your grab misses Jessica. You block Jessica's attack. x2
You hit Jessica but do no damage. Your grab misses Jessica. The bat hits you.
The bat closely misses you.
Jessica hits you with a +0 club. 😕 HP[-6]
You take 6 damage, and now have 20/26 hp.
MASSIVE DAMAGE!! (PAUSE)
You barely miss Jessica. You grab Jessica. Your squeeze misses Jessica.
You constrict Jessica. The bat barely misses you.
Jessica casts a spell.
Jessica blinks free!
The bat misses you.
Jessica hits the plant with a +0 club.
The plant begins to die.
Unknown command.
You slash the plant! You grab the plant. You constrict the plant.
The bat barely misses you.
Jessica gestures wildly while chanting.
Jessica blinks!
The bat hits you.
You hit the gnoll. Your grab misses the gnoll. You constrict the plant.
The bat barely misses you. The gnoll hits you with a +0 flail.
The bat hits you but does no damage. 😮 HP[-6]
You take 6 damage, and now have 14/26 hp.
MASSIVE DAMAGE!! (PAUSE)
You barely miss the gnoll. You grab the gnoll. You constrict the plant.
You constrict the gnoll, but do no damage.
The bat hits you but does no damage. You block the gnoll's attack.
You slash the gnoll!
You kill the gnoll!
You constrict the plant.
A nearby plant withers and dies.
You lose your grip on the plant.
The bat hits you but does no damage.
Your Long Blades skill increases to level 3! 😮 HP[+1]
The bat attacks as you move away! The bat hits you but does no damage.
The bat hits you. Jessica gestures at you while chanting.
Pain shoots through your body!
* * * LOW HITPOINT WARNING * * *
Things that are here:
a +0 flail; a gnoll corpse Unknown command. 😨 HP[-5]
You take 5 damage, and now have 10/26 hp.
You block the bat's attack.
Jessica casts a spell.
Jessica seems to speed up. 😨 HP[+1]
The bat closely misses you.
You barely miss the bat. Your grab misses the bat. Your squeeze misses the bat.
The bat hits you.
* * * LOW HITPOINT WARNING * * *
The bat hits you but does no damage. 😨 HP[-1]
You take 1 damage, and now have 10/26 hp.
You barely miss the giant cockroach. You grab the giant cockroach.
You constrict the giant cockroach.
The giant cockroach completely misses you.
The giant cockroach closely misses you.
You slash the giant cockroach!
You kill the giant cockroach!
The bat barely misses you. The bat closely misses you. 😨 HP[+1]
You closely miss the bat. Your grab misses the bat. The bat barely misses you.
Jessica hits you with a +0 club.
* * * LOW HITPOINT WARNING * * *
😨 HP[-4]
You take 4 damage, and now have 7/26 hp.
You barely miss Jessica. Your grab misses Jessica.
Jessica mumbles some strange words.
Jessica blinks!
Jessica closely misses you.
You closely miss the bat. You grab the bat. You constrict the bat.
The bat barely misses you.
The bat escapes!
Jessica hits you with a +0 club.
* * * LOW HITPOINT WARNING * * *
Jessica hits you with a +0 club.
You die...

Skill      XL: |  1  2  3 |
---------------+----------+-----
Long Blades    | 3 |  3.0
Fighting       | |  3.0
Dodging        | |  3.9
Shields        | |  3.0

Action                     || total
---------------------------++-------
  Melee: Long sword        ||    58
         Tentacles         ||     7
         Constrict         ||    14
    Use: Scroll            ||     2
   Stab: Sleeping          ||     1
 Armour: Skin              ||     8
  Dodge: Dodged            ||    37
  Block: Buckler           ||    16

Levels and vault maps discovered:
D:1:      grunt_arrival_lava_bath, layout_basic
D:2:      layout_loops_cross, serial_shops,
          nicolae_shop_competitors_out_of_business, serial_bayou_ford_a,
          minmay_heptomino_l4, uniq_terence, uniq_jessica

Notes
Turn   | Place    | Note
-------+----------+-------------------------------------------
     0 | D:1      | ytrimaz the Octopode Fighter began the quest for the Orb.
     0 | D:1      | Reached XP level 1. HP: 16/16 MP: 1/1
    24 | D:1      | magus.rc [v1.9.6]
   116 | D:1      | Reached XP level 2. HP: 13/21 MP: 2/2
   760 | D:2      | Reached XP level 3. HP: 24/26 MP: 3/3
   783 | D:2      | Noticed Jessica
   797 | D:2      | Reached skill level 3 in Long Blades
   807 | D:2      | HP: 3/26 [Jessica/+0 club (5)]
   807 | D:2      | Slain by Jessica

Vanquished Creatures
  A gnoll (D:2)
  An adder (D:2)
  A worm (D:2)
  A ball python (D:1)
  2 endoplasms (D:1)
  2 giant cockroaches
  3 goblins
  A hobgoblin (D:2)
  5 kobolds (D:1)
  A quokka (D:1)
  4 bats (D:1)
  3 frilled lizards (D:1)
25 creatures vanquished.

Vanquished Creatures (others)
  A plant (D:2)
1 creature vanquished.

Grand Total: 26 creatures vanquished

Table legend:
 A = Non-vault XP
 B = Vault XP
 C = Vault XP percentage of total XP
 D = Non-vault monster count
 E = Vault monster count
 F = Vault count percentage of total count
                 A         B        C        D         E       F
            +---------+---------+-------+---------+---------+-------
      Total |      64 |       5 |   7.2 |      24 |       1 |   4.0
            +---------+---------+-------+---------+---------+-------
        D:1 |      31 |       0 |   0.0 |      19 |       0 |   0.0
        D:2 |      33 |       5 |  13.2 |       5 |       1 |  16.7
            +---------+---------+-------+---------+---------+-------

Illustrated notes

Table legend:
 A = Kills in this place as a percentage of kills in the entire game.
 B = Kills by you in this place as a percentage of kills by you in the entire game.
 C = Kills by friends in this place as a percentage of kills by friends in the entire game.
 D = Other kills in this place as a percentage of other kills in the entire game.
 E = Experience gained in this place as a percentage of experience gained in the entire game.
 F = Experience gained in this place divided by the number of levels of this place that you have seen.
                   A       B       C       D       E      F
               +-------+-------+-------+-------+-------+----------------------
         Total | 100.0 | 100.0 |   N/A |   N/A | 100.0 |  34.5
       Dungeon | 100.0 | 100.0 |   N/A |   N/A | 100.0 |  34.5
               +-------+-------+-------+-------+-------+----------------------

Table legend: (Time is in decaauts)
 A = Elapsed time spent in this place.
 B = Non-inter-level travel time spent in this place.
 C = Inter-level travel time spent in this place.
 D = Time resting spent in this place.
 E = Time spent auto-exploring this place.
 F = Levels seen in this place.
 G = Mean time per level.
                   A        B        C        D        E       F      G
               +--------+--------+--------+--------+--------+-----+--------+
         Total |    824 |    813 |     11 |    103 |    529 |   2 |  412.0 |
       Dungeon |    824 |    813 |     11 |    103 |    529 |   2 |  412.0 |
               +--------+--------+--------+--------+--------+-----+--------+

Top non-repeatable levels by time:
     D:1: 724 daAuts
     D:2: 100 daAuts
